 Dungeon Crawl Stone Soup version 0.31-a0-202-g547052bce9 (webtiles) character file.

Game seed: 14914134291404541879

11 qw the Shooter (level 2, 0/16 HPs)
             Began as a Deep Elf Hunter on June 26, 2023.
             Slain by a ball python (1 damage)
             ... on level 1 of the Dungeon.
             The game lasted 00:00:05 (64 turns).

qw the Shooter (Deep Elf Hunter)                      Turns: 64, Time: 00:00:05

Health: 0/16       AC:  3    Str:  8    XL:     2   Next: 13%
Magic:  4/4        EV: 12    Int: 13    God:
Gold:   0          SH:  0    Dex: 18    Spells: 1/1 levels left

rFire   . . .        a - +0 shortbow
rCold   . . .        (shield currently unavailable)
rNeg    . . .        c - +0 leather armour
rPois   .            (no helmet)
rElec   .            (no cloak)
rCorr   .            (no gloves)
SInv    .            (no boots)
Will    .....        (no amulet)
Stlth   ++           (no ring)
HPRegen 0.22/turn    (no ring)
MPRegen 0.09/turn

%: no passive effects
@: no status effects
A: no striking features
a: no special abilities


You were on level 1 of the Dungeon.
You visited 1 branch of the dungeon, and saw 1 of its levels.


   Skills:
 - Level 1.5 Fighting
 + Level 6.0 Ranged Weapons
 - Level 2.4 Dodging
 - Level 1.2 Stealth


You had one spell level left.
You didn't know any spells.
Your spell library was empty.

Inventory:

Hand Weapons
 a - a +0 shortbow (weapon)
Armour
 c - a +0 leather armour (worn)
Scrolls
 b - a scroll of butterflies

Dungeon Overview and Level Annotations

Branches:
Dungeon (1/15)

Altars:


Message History

The arrow hits the jackal but does no damage.
The bat hits you but does no damage.
The jackal bites you but does no damage.
The jackal barely misses you.
You shoot an arrow. The arrow hits the bat.
The bat is severely wounded.
The bat hits you but does no damage. The jackal closely misses you.
The goblin completely misses you. The jackal closely misses you.
You shoot an arrow. The arrow closely misses the jackal.
The bat hits you but does no damage. The goblin hits you with a +0 dagger.
The frilled lizard misses you.
The jackal bites you but does no damage.
The bat barely misses you.
A ball python comes into view.
The jackal closely misses you.
You shoot an arrow. The ball python hisses angrily.
The arrow hits the bat but does no damage.
The bat is severely wounded.
The bat hits you. The jackal barely misses you.
The goblin hits you with a +0 dagger. The frilled lizard bites you.
The jackal bites you. The jackal misses you. The goblin misses you.
An endoplasm comes into view.
A goblin comes into view. It is wielding a +0 dagger.
The frilled lizard bites you.
You shoot an arrow. The arrow hits the jackal.
The jackal is almost dead.
The jackal closely misses you. x2; The bat barely misses you.
The goblin closely misses you. The frilled lizard bites you.
The jackal closely misses you.
You shoot an arrow. The arrow hits the jackal.
You kill the jackal!
The bat misses you. The jackal bites you. The frilled lizard barely misses you.
You shoot an arrow. The arrow hits the goblin.
The goblin is heavily wounded.
The jackal bites you. The bat hits you but does no damage.
The frilled lizard closely misses you. The goblin completely misses you.
The hobgoblin completely misses you. The jackal bites you.
The ball python bites you.
You die...

#...# .# #...# = ...
##..[### .. ....
...... ... ..###....
.. ...#.%.#g#.#.
#######.#.lS!%..>.
#¤...##..#@g#.#.#
###¤¤~.###..hg%.....
#<'¤~~¤'.'..#.#S#.#.
#.'.~~¤'.'..#.....
###.¤~¤####...#$#J#
#.¤¤.# ..........
###### .#.##.#%#. ..
.. ... ## ### .


You could see an endoplasm, a jackal, a hobgoblin, 2 goblins, 2 ball pythons and
a frilled lizard.

Vanquished Creatures
  An endoplasm (D:1)
  2 jackals (D:1)
  2 ball pythons (D:1)
  3 bats (D:1)
  4 frilled lizards (D:1)
  A rat (D:1)
13 creatures vanquished.

Notes
Turn   | Place    | Note
-------+----------+-------------------------------------------
     0 | D:1      | qw the Deep Elf Hunter began the quest for the Orb.
     0 | D:1      | Reached XP level 1. HP: 12/12 MP: 3/3
     0 | D:1      | 0 ||| qw: Version: 0.3-a-22-g0ed2b0b
     0 | D:1      | 0 ||| qw: Game counter: 6065
     0 | D:1      | 0 ||| qw: Melee chars always use a shield: true
     0 | D:1      | 0 ||| qw: God list: Okawaru
     0 | D:1      | 0 ||| qw: Allow faded altars: false
     0 | D:1      | 0 ||| qw: Do Orc after clearing Dungeon:15 true
     0 | D:1      | 0 ||| qw: Do second Lair branch before Depths: true
     0 | D:1      | 0 ||| qw: Lair rune preference: random
     0 | D:1      | 0 ||| qw: Goals: Normal
     0 | D:1      | 0 ||| PLANNING D:1-11
    55 | D:1      | Reached XP level 2. HP: 16/16 MP: 4/4
    56 | D:1      | Reached skill level 6 in Ranged Weapons
    63 | D:1      | HP: 4/16 [jackal (2)]
    64 | D:1      | HP: 1/16 [jackal (1)]
    64 | D:1      | Slain by a ball python

Levels and vault maps discovered:
D:1:      lightli_arrival_lavapool, layout_basic, st_stairs_10

Skill      XL: |  1  2 |
---------------+-------+-----
Ranged Weapons | 6 |  6.0
Fighting       | |  1.5
Dodging        | |  2.4
Stealth        | |  1.2

Action                     || total
---------------------------++-------
   Fire: Shortbow          ||    34
 Armour: Leather armour    ||    10
  Dodge: Dodged            ||    25

Table legend:
 A = Non-vault XP
 B = Vault XP
 C = Vault XP percentage of total XP
 D = Non-vault monster count
 E = Vault monster count
 F = Vault count percentage of total count
                 A         B        C        D         E       F
            +---------+---------+-------+---------+---------+-------
      Total |      14 |       2 |  12.5 |      11 |       2 |  15.4
            +---------+---------+-------+---------+---------+-------
        D:1 |      14 |       2 |  12.5 |      11 |       2 |  15.4
            +---------+---------+-------+---------+---------+-------
